 Dungeon Crawl Stone Soup version 0.21-a0-630-g344d351 (webtiles) character file.

201214 mortelune the Earth Mage (level 18, -4/165 HPs)
             Began as a Deep Dwarf Earth Elementalist on Dec 25, 2017.
             Was the Champion of Makhleb.
             Killed from afar by a thorn hunter (9 damage)
             ... with a volley of thorns
             ... on level 4 of the Swamp.
             The game lasted 05:12:32 (67353 turns).

mortelune the Earth Mage (DDEE)                    Turns: 67353, Time: 05:12:33

Health: -4/165     AC: 30    Str: 17    XL:     18   Next: 29%
Magic:  7/30       EV: 15    Int: 28    God:    Makhleb [******]
Gold:   841        SH:  7    Dex: 13    Spells: 11/39 levels left

rFire    + + +     SeeInvis .   Z - +3 Elemental Staff {rElec rF++ rC++ MR++ AC+5}
rCold    + + +     Gourm    .   p - +0 buckler
rNeg     + . .     Faith    .   H - +0 swamp dragon scales
rPois    +         Spirit   .   b - +2 hat of Liedgh {rF+ rC+ Str+3 Int+4}
rElec    +         Reflect  +   (no cloak)
rCorr    .         Harm     .   T - +2 pair of gloves
MR       ++++.                  l - +2 pair of boots {run}
Stlth    +.........             X - +3 amulet of reflection
HPRegen  0.00/turn              N - +6 ring of protection
MPRegen  0.22/turn              x - +2 ring of intelligence

@: non-regenerating, quick
A: damage resistance, heal wounds, negative energy resistance 1, sense
surroundings 3, no regeneration
a: Heal Wounds, Minor Destruction, Lesser Servant of Makhleb, Major Destruction,
Greater Servant of Makhleb, Renounce Religion


You were on level 4 of the Swamp.
You worshipped Makhleb.
Makhleb was exalted by your worship.
You were near starving.

You visited 6 branches of the dungeon, and saw 32 of its levels.
You also visited: Sewer, Ice Cave and Desolation.

You collected 2830 gold pieces.
You spent 1989 gold pieces at shops.

Inventory:

Hand Weapons
 m - the +8 war axe of the Thing {freeze, rElec rPois}
   (You found it on level 6 of the Dungeon)

   It has been specially enchanted to freeze those struck by it, causing extra
   injury to most foes and up to half again as much damage against particularly
   susceptible opponents.
   It can also slow down cold-blooded creatures.
   It insulates you from electricity.
   It protects you from poison.
 Z - the +3 Elemental Staff (weapon) {rElec rF++ rC++ MR++ AC+5}
   (You bought it in a shop on level 5 of the Dungeon)

   It affects your AC (+5).
   It greatly protects you from fire.
   It greatly protects you from cold.
   It insulates you from electricity.
   It affects your resistance to hostile enchantments.
Missiles
 P - 6 throwing nets
 W - 138 stones (quivered)
Armour
 b - the +2 hat of Liedgh (worn) {rF+ rC+ Str+3 Int+4}
   (You bought it in a shop on level 7 of the Dungeon)

   It affects your strength (+3).
   It affects your intelligence (+4).
   It protects you from fire.
   It protects you from cold.
 l - a +2 pair of boots of running (worn)
 p - a +0 buckler (worn)
 H - +0 swamp dragon scales (worn)
 M - the +0 scale mail of Honesty {Int+6}
   (You found it on level 8 of the Dungeon)

   It affects your intelligence (+6).
 T - a +2 pair of gloves (worn)
Magical Staves
 F - an uncursed staff of energy
Jewellery
 h - an uncursed ring of flight {unknown}
 j - an uncursed ring of protection from cold
 x - a +2 ring of intelligence (right hand)
 z - an uncursed ring of fire
 D - an uncursed ring of wizardry
 N - a +6 ring of protection (left hand)
 X - a +3 amulet of reflection (around neck)
Wands
 w - a wand of iceblast (37)
 G - a wand of flame (79)
 L - a wand of enslavement (13)
 O - a wand of polymorph (62)
 Q - a wand of paralysis (15)
 R - a wand of disintegration (13)
 S - a wand of acid (24)
Scrolls
 c - 2 scrolls of enchant armour
 e - 2 scrolls of summoning
 f - 8 scrolls of enchant weapon
 g - 12 scrolls of remove curse
 k - a scroll of holy word {unknown}
 o - 3 scrolls of immolation
 q - a scroll of magic mapping
 u - 3 scrolls of fog
 v - 6 scrolls of teleportation
 y - 2 scrolls of fear
 C - 3 scrolls of blinking
 E - 8 scrolls of amnesia
 J - a scroll of torment
Potions
 a - 5 potions of invisibility
 d - a potion of heal wounds
 i - 2 potions of agility
 n - a potion of curing
 r - 3 potions of ambrosia
 s - 5 potions of brilliance
 t - 4 potions of flight
 B - 6 potions of haste
 U - 2 potions of mutation
 V - 3 potions of cancellation
 Y - 4 potions of might
Miscellaneous
 K - a phial of floods
Comestibles
 A - 18 rations


   Skills:
 + Level 11.6 Fighting
 - Level 10.0 Axes
 + Level 6.9 Staves
 - Level 11.5 Armour
 - Level 9.0 Dodging
 - Level 2.4 Stealth
 * Level 3.1 Shields
 + Level 11.3 Spellcasting
 - Level 11.2 Conjurations
 - Level 0.8 Transmutations
 + Level 16.8 Earth Magic
 + Level 15.0 Invocations
 + Level 10.9 Evocations


You had 11 spell levels left.
You knew the following spells:

 Your Spells              Type           Power        Failure   Level  Hunger
a - Sandblast             Erth           ######       0%          1    None
b - Stone Arrow           Conj/Erth      ######       1%          3    None
c - Lee's Rapid Deconstr  Erth           #######...   1%          5    ###....
d - Conjure Flame         Conj/Fire      #####...     1%          3    None
e - Petrify               Tmut/Erth      ######..     1%          4    None
f - Leda's Liquefaction   Hex/Erth       ######....   1%          4    None
g - Passwall              Tmut/Erth      ######....   1%          2    None
z - Iron Shot             Conj/Erth      #######...   3%          6    #####..


Dungeon Overview and Level Annotations

Branches:
Dungeon (15/15)            Temple (0/1) D:7            Lair (6/6) D:10
  Swamp (4/4) Lair:4       Spider (3/4) Lair:4        Slime (0/5) Lair:6
    Orc (2/2) D:9             Elf (2/3) Orc:2        Vaults (0/5) D:14
 Depths (0/5) D:15

Altars:
Ashenzari
Dithmenos
Gozag
Makhleb
Okawaru
Ru
Sif Muna
Trog
Uskayaw
Yredelemnul
Beogh
Jiyva

Shops:
D:5 =((=:   D:7 [   D:14 :   Orc:2 ([(!   Elf:2 *

Portals:
Trove: D:13 (give 19 scrolls of identify)


Innate Abilities, Weirdness & Mutations

You are resistant to damage.
You can heal yourself by infusing magical energy.
You resist negative energy. (rN+)
You passively map a large area around you.
You do not regenerate.


Message History

The insubstantial wisp hits you but does no damage.
The thorn hunter fires a volley of thorns at you.
The volley of thorns hits you!
The insubstantial wisp hits you but does no damage.
The insubstantial wisp blinks!
The briar patch crumbles away. x3
The thorn hunter fires a volley of thorns at you.
The volley of thorns hits you!
* * * LOW HITPOINT WARNING * * *
The thorn hunter fires a volley of thorns at you.
The volley of thorns reflects off an invisible shield around you!
The volley of thorns hits the thorn hunter.
The thorn hunter fires a volley of thorns at you.
The volley of thorns misses you.
The insubstantial wisp blinks!
The thorn hunter fires a volley of thorns at you.
The volley of thorns hits you!
* * * LOW HITPOINT WARNING * * *
The thorn hunter fires a volley of thorns at you.
The volley of thorns hits you!
You die...

♣♣.≈≈. ♣♣♣♣♣≈≈≈≈≈≈♣≈.≈
♣≈≈≈≈≈♣♣♣♣≈.≈..≈≈≈≈≈≈≈.≈
*♣≈≈≈≈≈♣≈≈.≈≈..≈≈≈≈≈≈≈.≈ * ,
♣≈...[≈..[.≈≈...♣♣♣ *
♣♣.≈≈≈≈≈≈.≈..§.≈♣♣♣♣
♣≈≈≈≈≈≈≈≈.....≈[..≈.
♣.≈≈≈...♣♣♣...≈≈≈≈.≈
♣♣♣♣v≈÷.♣♣♣♣♣....≈≈≈≈≈≈ ♣♣♣
♣♣.≈≈≈v@..≈.♣♣.≈.≈≈≈≈§≈.
♣♣≈.♣♣§≈≈≈≈≈≈♣..≈♣≈≈≈♣♣≈≈≈.♣♣
♣P≈....≈≈≈≈≈≈♣♣♣♣≈.≈♣♣♣≈≈≈.♣
♣♣≈≈.≈≈PPP≈.♣♣ ♣♣♣♣D ....≈♣
♣P≈♣.≈≈≈fPP♣♣ , .♣♣♣.
♣...≈.≈≈≈k♣... ≈, , ≈
♣.....≈≈.≈.≈≈≈≈, ≈
♣♣♣....♣♣≈≈≈≈≈≈ **≈ ≈
*...≈≈P♣ .≈.≈≈≈ * ≈≈ ≈


You could see a thorn hunter, a swamp drake and 2 insubstantial wisps.

Vanquished Creatures
  Rupert (Spider:1)
  2 thorn hunters (Swamp:4)
  A fire giant (D:11)
  An orc warlord (Orc:2)
  A deep elf sorcerer (Elf:2)
  An emperor scorpion (Spider:1)
  A very ugly thing (D:11)
  A stone giant (Orc:1)
  A deep elf annihilator (Elf:2)
  Azrael (D:15)
  An ettin (D:11)
  2 fire dragons
  A ragged hierophant (Elf:2)
  2 vault guards (D:14)
  24 hydras
  The ghost of arkorax the Blocker, a journeyman GnFi (D:10)
  Erica (D:8)
  Harold (D:10)
  An ice dragon (D:15)
  Erolcha (Orc:1)
  A catoblepas (Lair:6)
  7 centaur warriors
  9 two-headed ogres
  6 alligators
  16 dancing weapons
  3 orc high priests
  2 tengu warriors (D:14)
  Sonja (Lair:3)
  8 deep elf knights
  2 spriggan druids
  6 swamp dragons
  A deep troll (D:10)
  2 unseen horrors (D:15)
  7 deep elf archers
  An orange crystal statue (Elf:1)
  3 lindwurms
  A necromancer (IceCv)
  3 wizards
  The ghost of Dirtsage the Basher, a novice GrFi of the Shining One (D:7)
  A wolf spider zombie (D:12)
  A phantasmal warrior (D:11)
  4 orc knights
  33 deep elf magi
  9 orb spiders
  A mana viper (shapeshifter) (D:14)
  2 orc sorcerers (Orc:2)
  6 ugly things
  17 wolf spiders
  4 manticores
  5 cyclopes
  6 elephants
  4 centaur skeletons
  An ice statue (IceCv)
  A torpor snail (Lair:3)
  A torpor snail (shapeshifter) (D:14)
  5 black mambas
  A gargoyle (D:11)
  20 spiny frogs
  A redback zombie (D:14)
  4 rime drakes
  8 komodo dragons
  11 freezing wraiths
  3 demonic crawlers
  2 tengu conjurers
  10 trolls
  6 tyrant leeches
  2 meliai (Lair:4)
  A polar bear (shapeshifter) (D:14)
  A queen bee (Lair:4)
  27 jumping spiders
  A polar bear (Lair:6)
  5 bog bodies
  3 saltlings
  6 hornets
  6 slime creatures
  9 blink frogs
  8 dream sheep
  A meliai zombie (D:12)
  10 hippogriffs
  46 yaks
  3 shadows
  A vampire (D:14)
  A wraith (D:14)
  53 redbacks
  2 air elementals
  2 wyverns
  3 spriggans
  A human (D:9)
  17 tarantellas
  3 basilisks
  5 hogs
  2 humans (shapeshifter)
  2 death yak simulacra (IceCv)
  3 fire elementals
  Grum (D:8)
  Menkaure (D:7)
  3 hungry ghosts (D:11)
  11 vampire mosquitoes
  A two-headed ogre zombie (Orc:1)
  8 insubstantial wisps
  7 wargs
  21 swamp worms
  A soldier ant (D:15)
  2 acid dragons
  5 hell hounds (D:15)
  14 water moccasins
  2 hornet zombies
  38 orc warriors
  Purgy (Sewer)
  10 porcupines
  4 sky beasts
  2 black bears (D:11)
  11 swamp drakes
  12 ice beasts
  A phantom (D:13)
  23 ogres
  6 wolves
  11 centaurs
  18 crocodiles
  21 bullfrogs
  2 big kobolds
  2 wyvern zombies
  A gnoll sergeant (D:9)
  An earth elemental (Elf:1)
  2 water moccasin zombies
  A water moccasin skeleton (D:10)
  7 scorpions
  The ghost of Dirtsage the Chopper, a weakling HOFi (D:3)
  A swamp dragon simulacrum (IceCv)
  34 killer bees
  3 wights (D:7)
  A howler monkey (D:10)
  8 crimson imps
  A draconian simulacrum (IceCv)
  2 quasits
  4 bullfrog zombies
  5 centaur zombies
  A gnoll shaman (D:4)
  2 jellies
  3 bullfrog skeletons
  27 orc priests
  8 hounds
  6 iguanas
  12 worker ants
  Natasha (thrice) (D:3)
  27 orc wizards
  5 troll simulacra (IceCv)
  3 spriggan simulacra (IceCv)
  A wolf simulacrum (IceCv)
  A centaur simulacrum (IceCv)
  A hound zombie (D:11)
  A worker ant zombie (D:11)
  11 gnolls
  9 adders
  5 ogre simulacra (IceCv)
  5 naga simulacra (IceCv)
  3 shadow imps
  20 white imps
  3 oozes
  3 adder zombies
  3 worms
  2 dart slugs
  12 leopard geckos
  121 orcs
  6 giant cockroaches
  4 goblins
  11 hobgoblins
  19 jackals
  5 quokkas
  2 ball pythons (Sewer)
  7 bats
  7 frilled lizards
  11 kobolds
  6 rats
  6 fungi
1210 creatures vanquished.

Vanquished Creatures (collateral kills)
  Kirke (Swamp:1)
  A fire giant (D:11)
  A deep elf demonologist (Elf:1)
  A deep elf high priest (Elf:1)
  2 vault guards (D:14)
  6 hydras
  An orc high priest (Elf:1)
  2 deep elf knights (Elf:1)
  3 swamp dragons (Swamp:4)
  2 lindwurms
  An ugly thing (D:11)
  12 deep elf magi (Elf:1)
  2 spiny frogs
  2 trolls
  A meliai (Lair:3)
  A jumping spider (Lair:4)
  2 bog bodies
  4 blink frogs (Lair:4)
  2 slime creatures (Swamp:3)
  A water elemental (Elf:1)
  A redback (Lair:4)
  3 yaks (Lair:4)
  8 vampire mosquitoes (Swamp:3)
  A basilisk (Lair:6)
  2 swamp worms (Swamp:3)
  A swamp drake (Swamp:1)
  An orc warrior (Elf:1)
  An ogre (Elf:1)
  An earth elemental (Elf:1)
  A crimson imp (D:14)
  4 white imps (Lair:4)
72 creatures vanquished.

Vanquished Creatures (others)
  A hydra (Swamp:4)
  A centaur zombie (D:15)
  4 briar patches (Swamp:4)
  5 bushes (D:10)
  12 fungi
  23 plants
46 creatures vanquished.

Grand Total: 1328 creatures vanquished

Notes
Turn   | Place    | Note
-------+----------+-------------------------------------------
     0 | D:1      | mortelune the Deep Dwarf Earth Elementalist began the quest for the Orb.
     0 | D:1      | Reached XP level 1. HP: 15/15 MP: 3/3
   322 | D:1      | Reached XP level 2. HP: 22/22 MP: 2/4
  1016 | D:2      | Identified a +0 pair of boots of running (You found it on level 2 of the Dungeon)
  1248 | D:2      | Reached XP level 3. HP: 25/28 MP: 4/6
  1253 | D:2      | Learned a level 3 spell: Stone Arrow
  1390 | D:1      | Reached skill level 5 in Earth Magic
  1745 | D:2      | Reached XP level 4. HP: 31/36 MP: 3/7
  2460 | D:3      | Noticed Natasha
  2460 | D:3      | Noticed Dirtsage's ghost (weakling HOFi)
  2790 | D:3      | Reached XP level 5. HP: 27/42 MP: 6/8
  2799 | D:3      | Learned a level 5 spell: Lee's Rapid Deconstruction
  2854 | D:3      | Reached skill level 6 in Earth Magic
  2908 | D:3      | Reached skill level 1 in Conjurations
  3011 | D:3      | Found a glowing drain.
  3076 | D:3      | Killed Natasha
  3090 | Sewer    | Entered a sewer
  3356 | Sewer    | Noticed Purgy
  3473 | Sewer    | Killed Purgy
  3473 | Sewer    | Reached XP level 6. HP: 17/49 MP: 4/10
  3802 | D:3      | Noticed Natasha
  3851 | D:3      | Killed Natasha
  4097 | D:3      | Found a hide-covered altar of Uskayaw.
  4100 | D:3      | Found a shattered altar of Ashenzari.
  4103 | D:3      | Found a sacrificial altar of Ru.
  4156 | D:3      | Found a basalt altar of Yredelemnul.
  4219 | D:3      | Noticed Natasha
  4229 | D:3      | Killed Natasha
  4297 | D:3      | Reached skill level 7 in Earth Magic
  4575 | D:3      | Found an iron altar of Okawaru.
  5659 | D:4      | Reached XP level 7. HP: 20/55 MP: 7/12
  6158 | D:4      | Found a bloodstained altar of Trog.
  7080 | D:5      | Entered Level 5 of the Dungeon
  7080 | D:5      | Found Hoysosm's Weapon Emporium.
  7159 | D:5      | Found Meudwia's Jewellery Shoppe.
  7229 | D:5      | Reached skill level 8 in Earth Magic
  7387 | D:5      | Found Nicvupn's Book Emporium.
  7716 | D:5      | Found Pepoulae's Antique Weapon Boutique.
  7819 | D:5      | Found a burning altar of Makhleb.
  7824 | D:5      | Became a worshipper of Makhleb the Destroyer
  7898 | D:5      | Found Foasy's Jewellery Shop.
  8148 | D:5      | Found a shadowy altar of Dithmenos.
  8735 | D:6      | Reached skill level 5 in Dodging
  8845 | D:6      | Reached skill level 9 in Earth Magic
  8980 | D:6      | Got an iridescent war axe
  8981 | D:6      | Identified the +8 war axe of the Thing {freeze, rElec rPois} (You found it on level 6 of the Dungeon)
  9090 | D:6      | Reached XP level 8. HP: 29/63 MP: 6/13
  9517 | D:7      | Found a roughly hewn altar of Beogh.
  9522 | D:7      | Reached skill level 1 in Axes
  9527 | D:7      | Reached skill level 1 in Fighting
  9729 | D:7      | Found a staircase to the Ecumenical Temple.
  9976 | D:7      | Noticed Dirtsage's ghost (novice GrFi)
 10153 | D:7      | Noticed a two-headed ogre
 10159 | D:7      | Killed a two-headed ogre
 10159 | D:7      | Reached skill level 10 in Earth Magic
 10159 | D:7      | Gained mutation: You passively map the area around you. [Deep Dwarf growth]
 10159 | D:7      | Reached XP level 9. HP: 49/74 MP: 4/15
 10163 | D:7      | Reached skill level 5 in Spellcasting
 10434 | D:7      | Noticed Menkaure
 10438 | D:7      | Killed Menkaure
 10484 | D:7      | Reached * piety under Makhleb
 10775 | D:7      | Reached skill level 1 in Invocations
 11083 | D:7      | Reached skill level 1 in Armour
 11090 | D:7      | Learned a level 3 spell: Conjure Flame
 11193 | D:7      | Found Peteuh's Antique Armour Shop.
 11204 | D:7      | Bought a faintly humming hat for 189 gold pieces
 11210 | D:7      | Identified the +2 hat of Liedgh {rF+ rC+ Str+3 Int+4} (You bought it in a shop on level 7 of the Dungeon)
 11518 | D:8      | Got a smoking scale mail
 11519 | D:8      | Identified the cursed +0 scale mail of Honesty {Int+6} (You found it on level 8 of the Dungeon)
 12571 | D:8      | Noticed Erica
 12707 | D:8      | Killed Erica
 12707 | D:8      | Reached skill level 5 in Axes
 12707 | D:8      | Reached XP level 10. HP: 46/86 MP: 1/16
 12860 | D:8      | Noticed Grum
 12886 | D:8      | Killed Grum
 12886 | D:8      | Reached ** piety under Makhleb
 12991 | D:8      | Reached skill level 11 in Earth Magic
 14758 | D:9      | Reached skill level 5 in Invocations
 14758 | D:9      | Reached skill level 5 in Fighting
 15213 | D:9      | Found an opulent altar of Gozag.
 15365 | D:9      | Found a staircase to the Orcish Mines.
 15472 | D:9      | Reached *** piety under Makhleb
 15529 | D:10     | Entered Level 10 of the Dungeon
 15620 | D:10     | Reached XP level 11. HP: 91/96 MP: 1/18
 16126 | D:10     | Reached skill level 5 in Armour
 16324 | D:10     | Noticed Harold
 16335 | D:10     | Killed Harold
 16985 | D:10     | Reached skill level 12 in Earth Magic
 17100 | D:10     | Noticed arkorax's ghost (journeyman GnFi)
 17282 | D:10     | Killed arkorax's ghost
 17282 | D:10     | Reached skill level 5 in Conjurations
 17700 | D:10     | Found a staircase to the Lair.
 17736 | D:10     | Reached **** piety under Makhleb
 18826 | D:11     | Noticed a red ugly thing
 18842 | D:11     | Killed a red ugly thing
 19048 | D:11     | Noticed a centaur warrior
 19053 | D:11     | Noticed a centaur warrior
 19053 | D:11     | Killed a centaur warrior
 19056 | D:11     | Noticed a deep elf archer
 19060 | D:11     | Noticed a fire giant
 19211 | D:11     | Killed a centaur warrior
 19289 | Lair:1   | Entered Level 1 of the Lair of Beasts
 19382 | Lair:1   | Reached XP level 12. HP: 56/106 MP: 9/21
 19554 | Lair:1   | Noticed a four-headed hydra
 19574 | Lair:1   | Killed a four-headed hydra
 20619 | Lair:1   | Noticed a six-headed hydra
 20711 | Lair:1   | Killed an eight-headed hydra
 21032 | Lair:1   | Reached skill level 13 in Earth Magic
 21783 | Lair:2   | Noticed a five-headed hydra
 21787 | Lair:2   | Killed a five-headed hydra
 22089 | Lair:2   | Noticed a four-headed hydra
 22097 | Lair:2   | Killed a four-headed hydra
 22793 | Lair:3   | Noticed a seven-headed hydra
 22800 | Lair:3   | Killed a seven-headed hydra
 23438 | Lair:3   | Reached XP level 13. HP: 115/115 MP: 0/23
 23481 | Lair:3   | Noticed Sonja
 23494 | Lair:3   | Killed Sonja
 23656 | Lair:3   | Reached ***** piety under Makhleb
 24271 | Lair:4   | Reached skill level 10 in Invocations
 24296 | Lair:4   | Found a frozen archway.
 24330 | IceCv    | Entered an ice cave
 24830 | IceCv    | Found an ancient bone altar of Kikubaaqudgha.
 26088 | IceCv    | Learned a level 4 spell: Petrify
 26612 | Lair:4   | Found a hole to the Spider Nest.
 27059 | Lair:4   | Found a staircase to the Swamp.
 28463 | Lair:6   | Entered Level 6 of the Lair of Beasts
 28898 | Lair:6   | Found a staircase to the Slime Pits.
 28899 | Lair:6   | Found a viscous altar of Jiyva.
 28943 | Lair:6   | Gained mutation: You resist negative energy. (rN+) [Deep Dwarf growth]
 28943 | Lair:6   | Reached XP level 14. HP: 126/127 MP: 18/24
 29603 | Lair:6   | Reached ****** piety under Makhleb
 31998 | D:7      | Found a staircase to the Ecumenical Temple.
 32026 | D:7      | Found a roughly hewn altar of Beogh.
 32271 | D:7      | Found Peteuh's Antique Armour Shop.
 32279 | D:7      | Killed Dirtsage's ghost
 32494 | D:3      | Found an iron altar of Okawaru.
 32518 | D:3      | Killed Dirtsage's ghost
 32751 | Orc:1    | Entered Level 1 of the Orcish Mines
 33619 | Orc:1    | Reached skill level 10 in Armour
 33647 | Orc:1    | Reached skill level 14 in Earth Magic
 34594 | Orc:1    | Noticed Erolcha
 34599 | Orc:1    | Killed Erolcha
 34902 | Orc:1    | Noticed a stone giant
 34907 | Orc:1    | Killed a stone giant
 35146 | Orc:1    | Learned a level 4 spell: Leda's Liquefaction
 35181 | Orc:2    | Entered Level 2 of the Orcish Mines
 35987 | Orc:2    | Found a roughly hewn altar of Beogh.
 36194 | Orc:2    | Found a staircase to the Elven Halls.
 36344 | Orc:2    | Found a roughly hewn altar of Beogh.
 36366 | Orc:2    | Found Efymaa's Weapon Boutique.
 36650 | Orc:2    | Found a roughly hewn altar of Beogh.
 36873 | Orc:2    | Found a roughly hewn altar of Beogh.
 37317 | Orc:2    | Reached skill level 10 in Axes
 37383 | Orc:2    | Found a roughly hewn altar of Beogh.
 37384 | Orc:2    | Found Jaeps's Distillery.
 37405 | Orc:2    | Bought a potion of heal wounds for 70 gold pieces
 37405 | Orc:2    | Bought a potion of might for 56 gold pieces
 37405 | Orc:2    | Bought a potion of haste for 140 gold pieces
 37815 | Orc:2    | Noticed an orc warlord
 38536 | Orc:2    | Found a roughly hewn altar of Beogh.
 38561 | Orc:2    | Killed an orc warlord
 38561 | Orc:2    | Reached XP level 15. HP: 130/136 MP: 24/26
 38747 | Orc:2    | Found Wuracush's Antique Weapon Emporium.
 38748 | Orc:2    | Found a roughly hewn altar of Beogh.
 38751 | Orc:2    | Found Ginureur's Antique Armour Shoppe.
 38770 | Orc:2    | Bought a fine scale mail for 189 gold pieces
 38781 | Orc:2    | Identified the +0 scale mail of the Country {-Cast rN+++ Regen+ Int+3} (You bought it in a shop on level 2 of the Orcish Mines)
 39009 | D:5      | Bought the +3 Elemental Staff {rElec rF++ rC++ MR++ AC+5} for 1233 gold pieces
 39009 | D:5      | Found the +3 Elemental Staff {rElec rF++ rC++ MR++ AC+5}
 39284 | D:11     | Noticed a fire giant
 39309 | D:11     | Killed a fire giant
 39309 | D:11     | Reached skill level 1 in Evocations
 39318 | D:11     | Noticed a frost giant
 39971 | D:11     | Reached skill level 1 in Staves
 40095 | D:11     | Got a faintly glowing war axe {chop}
 40096 | D:11     | Identified the +9 war axe of the Pit {chop, *Drain rF+ MP+9 Dex+7} (You took it off a tengu conjurer on level 11 of the Dungeon)
 40294 | D:11     | Noticed a fire giant
 40306 | D:11     | Killed a fire giant
 43629 | D:13     | Found a portal to a secret trove of treasure.
 44733 | D:14     | Found a gate to the Vaults.
 44740 | D:14     | Reached skill level 5 in Evocations
 45055 | D:14     | Found Kehim's Book Boutique.
 45413 | D:14     | Found a deep blue altar of Sif Muna.
 45590 | D:15     | Entered Level 15 of the Dungeon
 45599 | D:14     | Reached skill level 10 in Spellcasting
 46041 | D:15     | Reached skill level 10 in Fighting
 47329 | D:15     | Found a staircase to the Depths.
 47562 | D:15     | Noticed Azrael
 47564 | D:15     | Reached skill level 15 in Earth Magic
 47610 | D:15     | Killed Azrael
 48964 | Spider:1 | Entered Level 1 of the Spider Nest
 48966 | Spider:1 | Reached XP level 16. HP: 145/146 MP: 17/28
 50506 | Spider:1 | Noticed Rupert
 50517 | Spider:1 | Killed Rupert
 50723 | Spider:1 | Reached skill level 10 in Conjurations
 54926 | Elf:1    | Entered Level 1 of the Elven Halls
 55891 | Elf:1    | Reached skill level 5 in Staves
 56465 | Elf:1    | Reached XP level 17. HP: 156/156 MP: 17/28
 57323 | Elf:1    | Identified a scroll of acquirement
 57326 | Elf:1    | Identified the Reference Book on Blows and Bruises (You acquired it on level 1 of the Elven Halls)
 57338 | Elf:1    | Learned a level 6 spell: Iron Shot
 57669 | Elf:2    | Found Epue's General Store.
 58251 | Elf:2    | Found a ruined gateway.
 58260 | Desolati | Entered the Desolation of Salt
 58392 | Elf:2    | Reached skill level 16 in Earth Magic
 59731 | Elf:2    | Bought a scroll of blinking for 112 gold pieces
 59835 | Elf:2    | Found a runed gate.
 59835 | Elf:2    | Found a runed gate.
 59835 | Elf:2    | Found a runed gate.
 60532 | Swamp:1  | Entered Level 1 of the Swamp
 61391 | Swamp:1  | Learned a level 2 spell: Passwall
 61610 | Swamp:1  | Reached skill level 10 in Evocations
 61779 | Swamp:1  | Noticed Kirke
 61783 | Swamp:1  | Killed Kirke
 63979 | Swamp:2  | You fall through a shaft!
 65710 | Swamp:4  | Entered Level 4 of the Swamp
 66055 | Swamp:4  | Gained mutation: You passively map a large area around you. [Deep Dwarf growth]
 66055 | Swamp:4  | Reached XP level 18. HP: 165/165 MP: 11/30
 66492 | Swamp:4  | Reached skill level 1 in Shields
 67027 | Swamp:4  | Reached skill level 15 in Invocations
 67352 | Swamp:4  | HP: 5/165 [thorn hunter/volley of thorns (32)]
 67353 | Swamp:4  | Killed from afar by a thorn hunter

Vault maps used:
D:1:      grunt_arrival_crossed_arrows
D:2:      columned_hall_lemuel
D:3:      overflow_temple_1_default, grunt_temple_overflow_cloverleaf,
          portal_sewer_entry_f, uniq_natasha
D:4:      kennysheep_little_box, nrook_mini_backslash,
          hangedman_abyss_or_decor_stagger, uniq_menkaure
D:5:      lightli_temple_of_fire, first_ration, serial_shops,
          nicolae_shop_temple_entry_statues_fountains, shop, shop, shop, shop,
          grunt_dithmenos_smoke_and_mirrors
D:7:      minmay_temple_entry_grid, serial_shops, nicolae_shop_trees,
          david_defended_altar_orc
D:8:      uniq_grum, uniq_erica
D:9:      old_standard_altar, david_orc_4, grunt_livestock
D:10:     minmay_lair_entry_grove, uniq_harold
D:11:     minmay_tearing_corner
D:13:     enter_trove_6, minivault_20
D:14:     lightli_vaults_fourway_checkpoint, tgw_sif, serial_shops,
          nicolae_shop_trees
D:15:     grunt_enter_depths_hoard, serial_park_avenue1, uniq_azrael
Lair:1:   beast_lair_carwin_5, grunt_megastairs_4
Lair:2:   grunt_forest_stairs_basic, grunt_megastairs_1
Lair:3:   grunt_megastairs_5, uniq_sonja
Lair:4:   minmay_swamp_entry_worms, nicolae_spider_entry_tight_spaces,
          lab_entry_generic, portal_ice_cave_entry_imps, serial_bayou_pond_b
Lair:6:   hangedman_lair_in_review, slime_altar_1, minmay_stone_trees_small
Swamp:1:  evilmike_swamp_ruin_house_3, uniq_kirke
Swamp:2:  hangedman_swamp_lotus
Swamp:3:  hangedman_swamp_cone, swamp_pool5
Swamp:4:  swamp_alternative, infiniplex_staircase_pool
Spider:1: uniq_rupert
Spider:2: nicolae_spider_circle_web
Orc:1:    lemuel_ogre_cave
Orc:2:    grunt_orc_community_town_hall, grunt_orc_community_big_house_2,
          grunt_orc_community_big_house_1, grunt_orc_community_house_3,
          grunt_orc_community_house_1, grunt_orc_community_house_3,
          grunt_orc_community_house_3, uniq_erolcha
Elf:1:    eino_elf_arrival_sip, hangedman_elf_represent, minivault_16
Elf:2:    portal_desolation_entry_nicolae_nacl, serial_shops, shop
Sewer:    sewer_co_purgy_island
IceCv:    ice_cave_small_necro

Skill      XL: |  1  2  3  4  5  6  7  8  9 10 11 12 13 14 15 16 17 18 |
---------------+-------------------------------------------------------+-----
Spellcasting   | 2 3 4 5 6 7 8 9 10 11 | 11.3
Earth Magic    | 5 6 7 9 10 11 12 13 14 15 16 | 16.8
Dodging        | 3 4 5 6 7 9 |  9.0
Conjurations   | 1 2 3 4 5 6 8 9 10 11 | 11.2
Axes           | 3 5 7 9 10 | 10.0
Fighting       | 2 4 5 6 7 8 9 10 11 | 11.6
Invocations    | 3 5 7 9 10 12 13 14 15 | 15.0
Armour         | 2 4 6 7 9 10 11 | 11.5
Evocations     | 7 9 10 | 10.9
Staves         | 3 5 6 |  6.9
Shields        | 3 |  3.1
Stealth        | |  2.4
Transmutations | |  0.8

Action                   |  1- 3 |  4- 6 |  7- 9 | 10-12 | 13-15 | 16-18 || total
-------------------------+-------+-------+-------+-------+-------+-------++-------
Melee: Flail             |       |     2 |       |       |       |       ||     2
       War axe           |       |     3 |    19 |    75 |   308 |   267 ||   672
       Staff             |       |       |       |       |   133 |   215 ||   348
 Cast: Sandblast         |    40 |    59 |    66 |    61 |   340 |   156 ||   722
       Stone Arrow       |     3 |    45 |   103 |   246 |   380 |   184 ||   961
       Lee's Rapid Decon |       |       |    13 |    35 |   259 |   122 ||   429
       Conjure Flame     |       |       |       |    11 |     1 |     2 ||    14
       Petrify           |       |       |       |       |    24 |     3 ||    27
       Leda's Liquefacti |       |       |       |       |       |     2 ||     2
       Iron Shot         |       |       |       |       |       |   166 ||   166
Invok: Lesser Servant of |       |       |       |     2 |    14 |     3 ||    19
       Major Destruction |       |       |       |       |     3 |     1 ||     4
       Greater Servant o |       |       |       |       |       |     7 ||     7
 Abil: Heal Wounds       |     1 |       |     3 |     2 |     2 |     5 ||    13
Evoke: Wand              |       |       |       |       |     3 |       ||     3
       Sack of spiders   |       |       |       |       |       |     1 ||     1
  Use: Scroll            |     3 |     3 |     8 |    11 |    14 |    11 ||    50
       Potion            |     1 |     3 |     5 |     1 |     4 |    11 ||    25
 Stab: Petrified         |       |       |       |       |    38 |       ||    38
       Distracted        |       |       |       |       |     1 |     1 ||     2
       Paralysed         |       |       |       |       |     9 |       ||     9
  Eat: Chunk             |     3 |     3 |    21 |    22 |    35 |    24 ||   108
       Ration            |       |     4 |     3 |     4 |    20 |    19 ||    50
Armor: Robe              |     6 |     9 |     3 |       |       |       ||    18
       Scale mail        |       |       |    22 |    70 |   523 |   742 ||  1357
       Ring mail         |       |       |     2 |       |       |       ||     2
       Swamp dragon scal |       |       |       |       |       |    89 ||    89
Dodge: Dodged            |    13 |    41 |    70 |    86 |   536 |   699 ||  1445
Block: Other             |       |       |       |       |       |    85 ||    85
       Reflection        |       |       |       |       |       |     2 ||     2
       Buckler           |       |       |       |       |       |    57 ||    57

Table legend:
 A = Spawn XP
 B = Non-spawn XP
 C = Spawn XP percentage of total XP
 D = Spawn monster count
 E = Non-spawn monster count
 F = Spawn count percentage of total count
 G = Total turns spent on level
                    A         B        C        D         E        F      G
               +---------+---------+-------+---------+---------+-------+---------
         Total |       0 |  315537 |   0.0 |       0 |    1277 |   0.0 | 67353
               +---------+---------+-------+---------+---------+-------+---------
           D:1 |       0 |      60 |   0.0 |       0 |      18 |   0.0 |  1202
           D:2 |       0 |      94 |   0.0 |       0 |      17 |   0.0 |  1813
           D:3 |       0 |     328 |   0.0 |       0 |      38 |   0.0 |  1841
           D:4 |       0 |     289 |   0.0 |       0 |      21 |   0.0 |  1708
           D:5 |       0 |      65 |   0.0 |       0 |      12 |   0.0 |  1344
           D:6 |       0 |     609 |   0.0 |       0 |      17 |   0.0 |  1351
           D:7 |       0 |    3435 |   0.0 |       0 |      37 |   0.0 |  2639
           D:8 |       0 |    2639 |   0.0 |       0 |      36 |   0.0 |  2186
           D:9 |       0 |    4416 |   0.0 |       0 |      55 |   0.0 |  2930
          D:10 |       0 |    7601 |   0.0 |       0 |      47 |   0.0 |  2945
          D:11 |       0 |   13858 |   0.0 |       0 |      39 |   0.0 |  2599
          D:12 |       0 |    2930 |   0.0 |       0 |      27 |   0.0 |  1117
          D:13 |       0 |    5704 |   0.0 |       0 |      27 |   0.0 |  2095
          D:14 |       0 |   15142 |   0.0 |       0 |      51 |   0.0 |  3123
          D:15 |       0 |   16957 |   0.0 |       0 |      51 |   0.0 |  1577
        Lair:1 |       0 |    7175 |   0.0 |       0 |      32 |   0.0 |  2207
        Lair:2 |       0 |    3744 |   0.0 |       0 |       9 |   0.0 |  1405
        Lair:3 |       0 |    9203 |   0.0 |       0 |      34 |   0.0 |  1961
        Lair:4 |       0 |   16678 |   0.0 |       0 |      95 |   0.0 |  2807
        Lair:5 |       0 |    3543 |   0.0 |       0 |      12 |   0.0 |  1272
        Lair:6 |       0 |   14450 |   0.0 |       0 |      40 |   0.0 |  2136
       Swamp:1 |       0 |   12377 |   0.0 |       0 |      28 |   0.0 |  2312
       Swamp:2 |       0 |    8321 |   0.0 |       0 |      23 |   0.0 |  1455
       Swamp:3 |       0 |   11925 |   0.0 |       0 |      43 |   0.0 |  1601
       Swamp:4 |       0 |   28393 |   0.0 |       0 |      51 |   0.0 |  1310
      Spider:1 |       0 |   15573 |   0.0 |       0 |      35 |   0.0 |  1487
      Spider:2 |       0 |   19681 |   0.0 |       0 |      65 |   0.0 |  2945
      Spider:3 |       0 |    2311 |   0.0 |       0 |       8 |   0.0 |    65
         Orc:1 |       0 |   14286 |   0.0 |       0 |      58 |   0.0 |  3571
         Orc:2 |       0 |    9347 |   0.0 |       0 |      89 |   0.0 |  2438
         Elf:1 |       0 |   30792 |   0.0 |       0 |      61 |   0.0 |  3663
         Elf:2 |       0 |   27025 |   0.0 |       0 |      38 |   0.0 |  1581
         Sewer |       0 |     156 |   0.0 |       0 |       9 |   0.0 |   682
         IceCv |       0 |    6430 |   0.0 |       0 |      54 |   0.0 |  1864
               +---------+---------+-------+---------+---------+-------+---------
